 Dungeon Crawl Stone Soup version 0.18-a0-917-g8a3da5b (webtiles) character file.

227 filipzpl the Changer (level 6, -10/43 HPs)
             Began as a Merfolk Transmuter on Dec 26, 2015.
             Killed by divine providence
             ... invoked by an orc priest
              (16 damage)
             ... on level 3 of the Dungeon.
             The game lasted 00:08:31 (2977 turns).

filipzpl the Changer (Merfolk Transmuter)           Turns: 2977, Time: 00:08:31

Health: -10/43     AC:  2    Str: 16    XL:     6   Next: 2%
Magic:  6/9        EV: 21    Int: 14    God:
Gold:   65         SH:  0    Dex: 20    Spells: 3 memorised, 1 level left

rFire  . . .     SeeInvis .       - Unarmed
rCold  . . .     Gourm    .     (armour currently unavailable)
rNeg   . . .     Faith    .     (shield currently unavailable)
rPois  x         Spirit   .     (helmet currently unavailable)
rElec  .         Dismiss  .     (cloak currently unavailable)
rCorr  .         Reflect  .     (gloves currently unavailable)
SustAt .         Harm     .     (boots currently unavailable)
MR     .....                    (no amulet)
Stlth  ++........               (no ring)
                                g - +6 ring of strength

@: spider-form (expiring), not resistant to hostile enchantments, unstealthy
A: (change form in water), (swift swim)
a: End Transformation


You were on level 3 of the Dungeon.
You were not hungry.
You were a venomous arachnid creature.
You visited 1 branch of the dungeon, and saw 3 of its levels.

You collected 65 gold pieces.

Inventory:

Missiles
 a - 51 arrows
Armour
 b - a +0 robe (melded)
 i - a +1 pair of gloves (melded)
Jewellery
 g - a +6 ring of strength (left front leg)
Scrolls
 h - a scroll of remove curse
 j - a scroll of identify
Potions
 e - a potion of curing {unknown}
 f - a potion of heal wounds {unknown}
 k - a potion of cure mutation {unknown}
 l - a potion of haste {unknown}
 m - a potion of ambrosia {unknown}
Books
 c - a book of Changes

   Spells                             Type                      Level
   a - Beastly Appendage              Transmutation                1
   b - Sticks to Snakes               Transmutation                2
   c - Spider Form                    Transmutation/Poison         3
   d - Ice Form                       Ice/Transmutation            4
   e - Blade Hands                    Transmutation                5
Comestibles
 d - a bread ration


   Skills:
 - Level 1.1 Fighting
 - Level 2.6 Dodging
 - Level 4.8 Unarmed Combat
 - Level 2.0 Spellcasting
 * Level 5.2 Transmutations
 * Level 1.5 Ice Magic
 - Level 2.6 Poison Magic


You had one spell level left.
You knew the following spells:

 Your Spells              Type           Power        Failure   Level  Hunger
a - Beastly Appendage     Trmt           ###...       10%         1    ##.....
b - Spider Form           Trmt/Pois      ##........   36%         3    ####...
c - Ice Form              Ice/Trmt       ##......     87%         4    #####..


Dungeon Overview and Level Annotations

Branches:
Dungeon (3/15)

Altars:
Dithmenos
Sif Muna


Message History

Things that are here:
a club; a scroll labeled WODGHA GUEHAOCW; a hobgoblin corpse The orc priest splashes around in the water.
You see here a goblin corpse.
You bite the orc!
You kill the orc!
You feel sick.
You are no longer poisoned.
The orc priest splashes around in the water.
You closely miss the orc.
Your transformation is almost over.
The orc closely misses you.
The orc priest hits the plant with a club.
Something hits the plant but does no damage.
You hit the orc.
The orc is heavily wounded.
The orc hits the plant but does no damage.
The orc priest invokes the aid of Beogh against you.
Something smites you!
You die...

#.. #. # #..#......# #.
#. #..#......# #.#♣♣♣♣
#..#.........# #>≈≈≈≈≈
#.♣P.....$...# #.♣≈≈≈P
P.≈PP.. .....# #.≈≈PP≈
≈..≈≈≈o###..# ##♣P≈P≈P
≈≈≈.≈oPo.#..######≈≈P≈≈≈≈
≈≈≈≈≈Po#s.........♣.≈.≈PP
≈≈≈≈≈≈.####..##.......≈..
≈≈≈≈b≈♣ #..##..........
≈.≈≈≈. #(.###≈≈P≈.....
.≈≈..≈ #### #♣≈♣≈≈≈≈≈P
♣≈.≈≈ ##♣♣PP≈≈P .P≈≈≈
♣♣≈≈≈P ♣♣♣♣♣


You could see an orc priest, an orc wizard and an orc.

Vanquished Creatures
  An ogre (D:2)
  An orc priest (D:3)
  Robin (D:2)
  2 adders
  3 worms (D:2)
  A giant gecko (D:2)
  6 orcs (D:3)
  A ball python (D:3)
  9 giant cockroaches
  9 hobgoblins
  6 jackals
  A kobold (D:1)
  A quokka (D:2)
  3 bats
  13 goblins
  8 rats
66 creatures vanquished.

Notes
Turn   | Place    | Note
--------------------------------------------------------------
     0 | D:1      | filipzpl the Merfolk Transmuter began the quest for the Orb.
     0 | D:1      | Reached XP level 1. HP: 15/15 MP: 3/3
   645 | D:1      | Reached XP level 2. HP: 21/21 MP: 5/5
   675 | D:1      | Reached skill level 4 in Unarmed Combat
  1156 | D:2      | Noticed Robin
  1162 | D:2      | Reached XP level 3. HP: 26/26 MP: 6/6
  1174 | D:2      | Killed Robin
  1318 | D:2      | Learned a level 3 spell: Spider Form
  1401 | D:2      | Found a deep blue altar of Sif Muna.
  1522 | D:2      | Reached skill level 1 in Poison Magic
  1639 | D:2      | Found a shadowy altar of Dithmenos.
  1668 | D:2      | Reached XP level 4. HP: 20/32 MP: 7/7
  2341 | D:2      | Noticed an ogre
  2346 | D:2      | Killed an ogre
  2346 | D:2      | Reached XP level 5. HP: 16/37 MP: 4/8
  2530 | D:2      | Learned a level 4 spell: Ice Form
  2678 | D:3      | Reached skill level 1 in Ice Magic
  2685 | D:3      | Reached skill level 5 in Transmutations
  2964 | D:3      | Reached XP level 6. HP: 18/43 MP: 9/9
  2977 | D:3      | Killed from afar by an orc priest

Vault maps used:
D:1:      matt_arrival_spirals
D:2:      grunt_dithmenos_smoke, lemuel_crystal_altar, uniq_robin
D:3:      grunt_pakellas_sulfur, vehumet_altar_wand_db, first_bread,
          serial_bayou, serial_bayou_lagoon_a, serial_bayou_pond_b,
          serial_bayou_ford_a, serial_bayou_pond_c

Action                   |  1- 3 |  4- 6 || total
-------------------------+-------+-------++-------
Melee: Unarmed           |   145 |    97 ||   242
 Cast: Beastly Appendage |     2 |       ||     2
       Spider Form       |     2 |     3 ||     5
       Ice Form          |       |     1 ||     1
  Use: Scroll            |     3 |     1 ||     4
  Eat: Meat ration       |     1 |       ||     1
       Bread ration      |       |     1 ||     1
